Unix NetHack Version 5.0.0-0 post-release - last build Jun 10 2026 00:39:30 (3ee93aec679c4c4259841fe613dc97188e26a321,branch:main).

Game began 2026-06-19 19:50:23, ended 2026-06-19 20:17:43.

Drastanta, chaotic female elven Wizard

  ------------
  |))[!![.()%|
  |.%[))%m@@f|                                                  -------
  |..........|                                          ########....<.|
  ---------|--                                                  |.....|
          ##                                ----- ##############-.....|
          #                                 |....##             |.....|
       ####                                #-.>.|               |.....|
      ##           ---------       -----   *|)..|               |.....|
      #         ###.........##    #|....####-----               -------
      #         #  |.(..%..| ######....|
      #         #  |........###    |...|
      #         #  ---------       -----
    --.----- ####
    |......| #
    |.......##
    |......|
    --------

Drastanta the Conjurer    St:9 Dx:13 Co:12 In:20 Wi:11 Ch:10  Chaotic
Dlvl:3  $:0  HP:0(22) Pw:26(31) AC:6  Xp:3 T:1198 

Latest messages:
 What do you want to read? [i-lrsy or ?*] ?
 You begin to memorize the runes.  You add the "detect food" spell to your repertoire, as 'c'.
 You hear some noises in the distance.
 You hear the chime of a cash register.
 You descend the stairs.
 You climb up the stairs.
 You hear a door open.
 You kill the acid blob!  You are splashed by the acid blob's acid!
 You see here a spear.
 You see here a blue gem.
 You swap places with your kitten.
 You see here a kobold corpse.
 You see here an empty broken large box.
 Really save? [yn] (n) y
 Saving...
 Restoring save file...
 Hello Drastanta, the elven Wizard, welcome back to NetHack!
 The large kobold misses!
 You miss the large kobold.
 You hit the large kobold.
 The large kobold misses!
 You miss the large kobold.
 The large kobold just misses!
 You kill the large kobold!
 "Hello, Drastanta!  Welcome to Akranes' general store!"
 You see here a lembas wafer (for sale, 60 zorkmids).
 You see here a cram ration (for sale, 47 zorkmids).
 You see here 9 darts (for sale, 27 zorkmids).
 You see here a chain mail (for sale, 100 zorkmids).
 Your kitten eats a tripe ration.
 You stop.  Your kitten is in the way!
 You stop.  Your kitten is in the way!
 Your kitten eats a tripe ration.
 You kill the acid blob!
 Welcome to experience level 3.
 You are splashed by the acid blob's acid!
 That strange object is a small mimic!
 You miss the small mimic.
 You miss the small mimic.
 You miss the small mimic.
 The small mimic hits!
 In what direction? 4
 The spell hits the small mimic!
 A potion of healing shatters!
 You owe Akranes 27 zorkmids for it!
 The small mimic hits!
 You die...
 Akranes takes all your possessions.
 Do you want to see what you had when you died? [ynq] (y) y
 Do you want to see your attributes? [ynq] (y) q

Inventory:
 Weapons  (')')
  a - a blessed +1 quarterstaff (weapon in hands)
 Armor    ('[')
  b - an uncursed +0 cloak of magic resistance (being worn)
  v - an uncursed +0 studded leather armor (being worn)
 Scrolls  ('?')
  i - an uncursed scroll of earth
  j - 2 uncursed scrolls of scare monster
  s - a blessed scroll of teleportation
  r - 2 uncursed scrolls of teleportation
 Spellbooks  ('+')
  l - an uncursed spellbook of cure blindness
  y - an uncursed spellbook of detect food
  k - a blessed spellbook of force bolt
 Potions  ('!')
  h - an uncursed potion of fruit juice
  p - a cursed potion of hallucination
  g - an uncursed potion of healing
  q - a cursed potion of healing
  f - an uncursed potion of monster detection
  u - an uncursed potion of speed
 Rings    ('=')
  d - an uncursed ring of free action (on right hand)
  x - a cursed -2 ring of protection
  e - an uncursed ring of see invisible (on left hand)
 Wands    ('/')
  c - a wand of stasis (0:4)
 Tools    ('(')
  n - an uncursed wooden flute
  m - a magic marker (0:22)

Drastanta the Wizard's attributes:

Background:
 You were a Conjurer, a level 3 female elven Wizard.
 You were chaotic, on a mission for Anhur
 who was opposed by Ptah (lawful) and Thoth (neutral).
 You were right-handed.
 You were in the Dungeons of Doom, on level 3.
 You entered the dungeon 1198 turns ago.
 You had 40 experience points, 40 more were needed to attain level 4.

Basics:
 You had 0 out of 22 hit points.
 You had 26 out of 31 energy points (spell power).
 Your armor class was 6.
 Your wallet was empty.
 Autopickup was on, but temporarily disabled while inside the shop.

Final Characteristics:
 Your strength was 9 (limit:18).
 Your dexterity was 13 (limit:18).
 Your constitution was 12 (limit:16).
 Your intelligence was 20 (limit:20).
 Your wisdom was 11 (limit:20).
 Your charisma was 10 (limit:18).

Final Status:
 You weren't hungry.
 You were unencumbered.
 You were wielding a quarterstaff.
 You had basic skill with quarterstaff.

Final Attributes:
 You were devoutly aligned.
 You were magic-protected.
 You saw invisible.
 You had infravision.
 You were warded.
 You had free action.
 You are dead.

Miscellaneous:
 You didn't encounter any bones levels.
 Total elapsed playing time was 17 minutes and 39 seconds.

Major events:
 Turn
    1: Drastanta the chaotic female elven Wizard entered the dungeon
 1193: attained the rank of Conjurer (level 3)
 1198: killed by a small mimic

Spells:
 Name                 Level Category     Fail Retention
 force bolt             1   attack         0%  91%-100%
 cure blindness         2   healing       27%  76%-100%
 detect food            2   divination    27%  76%-100%

Skills:
 Fighting Skills
   bare handed combat [Unskilled]
   riding             [Unskilled]
 Weapon Skills
   dagger             [Unskilled]
   knife              [Unskilled]
   axe                [Unskilled]
   short sword        [Unskilled]
   club               [Unskilled]
   mace               [Unskilled]
   quarterstaff       [Basic]
   polearms           [Unskilled]
   spear              [Unskilled]
   trident            [Unskilled]
   sling              [Unskilled]
   dart               [Unskilled]
   shuriken           [Unskilled]
 Spellcasting Skills
   attack spells      [Basic]
   healing spells     [Unskilled]
   divination spells  [Unskilled]
   enchantment spells [Basic]
   clerical spells    [Unskilled]
   escape spells      [Unskilled]
   matter spells      [Unskilled]

Voluntary challenges:
 Character rerolling was not enabled.
 You never genocided any monsters.
 You never polymorphed an object.
 You never changed form.
 You used no wishes.
Achievements:
 You entered a shop.
 You attained the rank of Conjurer.

 The Dungeons of Doom: levels 1 to 4
    Level 1:
    Level 2:
    Level 3: <- You were here.
       A general store.
       Final resting place for
          you, killed by a small mimic.
    Level 4:


Vanquished creatures:
  2 acid blobs
  2 large kobolds
  5 jackals
  a kobold
  3 sewer rats
  3 grid bugs
  2 lichens
  2 kobold zombies
  4 newts
24 creatures vanquished.

No species were genocided or became extinct.

Game over:
                       ----------
                      /          \
                     /    REST    \
                    /      IN      \
                   /     PEACE      \
                  /                  \
                  |    Drastanta     |
                  |       0 Au       |
                  |   killed by a    |
                  |   small mimic    |
                  |                  |
                  |                  |
                  |       2026       |
                 *|     *  *  *      | *
        _________)/\\_//(\/(/\)/\//\/|_)_______

Goodbye Drastanta the Wizard...

You died in The Dungeons of Doom on dungeon level 3 with 320 points,
and 0 pieces of gold, after 1198 moves.
You were level 3 with a maximum of 22 hit points when you died.

